 Dungeon Crawl Stone Soup version 0.31.0-9-g3a7656b989 (webtiles) character file.

Game seed: 636810773481083011

91 qw the Ducker (level 4, -3/22 HPs)
             Began as a Spriggan Hunter on Feb 2, 2024.
             Incinerated by a bombardier beetle (5 damage)
             ... with a burning spray
             ... on level 3 of the Dungeon.
             The game lasted 00:00:04 (1889 turns).

qw the Ducker (Spriggan Hunter)                     Turns: 1889, Time: 00:00:05

Health: -3/22      AC:  2    Str:  7    XL:     4   Next: 34%
Magic:  5/5        EV: 21    Int: 10    God:
Gold:   51         SH:  0    Dex: 26    Spells: 3/3 levels left

rFire   . . .        a - +0 shortbow
rCold   . . .        (shield currently unavailable)
rNeg    . . .        c - +0 robe
rPois   +            (helmet restricted)
rElec   .            (no cloak)
rCorr   .            (gloves unavailable)
SInv    +            (boots unavailable)
Will    .....        (no amulet)
Stlth   +            h - +6 ring of dexterity
HPRegen 0.23/turn    d - ring of poison resistance
MPRegen 0.09/turn

%: no passive effects
@: on fire, glowing, very quick
A: very small, no large weapons, unfitting armour, see invisible, speed 3
a: no special abilities


You were on level 3 of the Dungeon.
You visited 1 branch of the dungeon, and saw 3 of its levels.

You collected 154 gold pieces.
You spent 103 gold pieces at shops.


Innate Abilities, Weirdness & Mutations

You are very small and have problems with some larger weapons.
You are too small for most types of armour.
You have supernaturally acute eyesight. (SInv)
You cover ground extremely quickly. (Speed+++)


   Skills:
 - Level 1.5 Fighting
 + Level 4.9 Ranged Weapons
 - Level 5.0 Dodging
 - Level 1.5 Stealth


You had 3 spell levels left.
You didn't know any spells.
Your spell library was empty.

Inventory:

Hand Weapons
 a - a +0 shortbow (weapon)
Armour
 b - a +0 cloak
 c - a +0 robe (worn)
Jewellery
 d - a ring of poison resistance (right hand)
 h - a +6 ring of dexterity (left hand)
Wands
 i - a wand of flame (10)
Potions
 e - a potion of cancellation
 f - 2 potions of might
 g - a potion of curing
 j - a potion of resistance
 k - a potion of haste

Dungeon Overview and Level Annotations

Branches:
Dungeon (3/15)

Altars:

Shops:
D:3 [


Message History

A bombardier beetle comes into view.
You shoot an arrow. The arrow hits the bombardier beetle!
The bombardier beetle is moderately wounded.
You shoot an arrow.
The arrow hits the bombardier beetle but does no damage.
The bombardier beetle is moderately wounded.
You shoot an arrow.
The arrow barely misses the bombardier beetle.
You shoot an arrow.
The arrow barely misses the bombardier beetle.
You shoot an arrow. The arrow hits the bombardier beetle.
The bombardier beetle is severely wounded.
You shoot an arrow.
The arrow closely misses the bombardier beetle.
You shoot an arrow. The arrow hits the bombardier beetle.
The bombardier beetle is almost dead.
You shoot an arrow.
The arrow hits the bombardier beetle but does no damage.
The bombardier beetle is almost dead.
You shoot an arrow.
The arrow hits the bombardier beetle but does no damage.
The bombardier beetle is almost dead.
The bombardier beetle sprays incendiary fluid at you.
The burning spray hits you.
You are covered in liquid fire!
You shoot an arrow.
The arrow barely misses the bombardier beetle.
The liquid fire burns you!
The bombardier beetle barely misses you.
You shoot an arrow. The arrow hits the bombardier beetle!
You kill the bombardier beetle!
The liquid fire burns you!
You have reached level 4!
You are on fire!
The liquid fire burns you!
You are on fire!
The liquid fire burns you!
You are on fire!
The liquid fire burns you!
You die...

#.# #.## ##.### ###.##
#.<## ##.##### ##.#..#
#.#.###.......
####.....###.##.)....####
+.......................+
####.........###.#...####
##.##.##### #.##.##
####.# #.#### #@# #.# #%#
#.# ..# ... #.## #.# #.
#. #. #.


There were no monsters in sight!

Vanquished Creatures
  A bombardier beetle (D:3)
  2 adders
  4 dart slugs (D:1)
  4 ball pythons
  2 endoplasms
  A giant cockroach (D:3)
  3 goblins
  3 hobgoblins
  4 bats
  A frilled lizard (D:1)
  A kobold (D:1)
  3 rats
29 creatures vanquished.

Notes
Turn   | Place    | Note
-------+----------+-------------------------------------------
     0 | D:1      | qw the Spriggan Hunter began the quest for the Orb.
     0 | D:1      | Reached XP level 1. HP: 10/10 MP: 2/2
     0 | D:1      | 0 ||| qw: Version: 0.3-a-155-g5e7d8dd
     0 | D:1      | 0 ||| qw: Game counter: 2686
     0 | D:1      | 0 ||| qw: Melee chars always use a shield: true
     0 | D:1      | 0 ||| qw: God list: Okawaru
     0 | D:1      | 0 ||| qw: Allow faded altars: false
     0 | D:1      | 0 ||| qw: Do Orc after clearing Dungeon:15 true
     0 | D:1      | 0 ||| qw: Do second Lair branch before Depths: true
     0 | D:1      | 0 ||| qw: Lair rune preference: random
     0 | D:1      | 0 ||| qw: Goals: Normal
     0 | D:1      | 0 ||| PLANNING D:1-11
    24 | D:1      | Found a faded altar of an unknown god.
    28 | D:1      | Reached skill level 3 in Dodging
   273 | D:1      | Reached XP level 2. HP: 10/14 MP: 3/3
   364 | D:1      | Reached skill level 4 in Dodging
   937 | D:1      | 937 ||| UPGRADING to +6 ring of dexterity.
   938 | D:1      | 938 ||| READING 3 scrolls labelled VAUHIU KELI.
   938 | D:1      | 938 ||| IDENTIFYING fizzy pink potion
   939 | D:1      | 939 ||| READING 2 scrolls of identify.
   939 | D:1      | 939 ||| IDENTIFYING sedimented pink potion
   940 | D:1      | 940 ||| READING scroll of identify.
   940 | D:1      | 940 ||| IDENTIFYING dark potion
   941 | D:1      | 941 ||| READING scroll labelled YNUIL POIMER.
   942 | D:1      | 942 ||| DRINKING 2 grey potions.
   943 | D:1      | 943 ||| DROPPING scroll of butterflies.
   944 | D:1      | 944 ||| DROPPING potion of invisibility.
  1121 | D:2      | HP: 2/14 [poisoned by an adder]
  1122 | D:2      | Reached XP level 3. HP: 2/18 MP: 4/4
  1122 | D:2      | 1122 ||| DRINKING 2 potions of curing.
  1122 | D:2      | 1122 ||| (to cure poison)
  1577 | D:2      | 1577 ||| UPGRADING to ring of poison resistance.
  1578 | D:2      | 1578 ||| READING 2 scrolls of identify.
  1578 | D:2      | 1578 ||| IDENTIFYING coppery potion
  1579 | D:2      | 1579 ||| READING scroll of identify.
  1579 | D:2      | 1579 ||| IDENTIFYING silvery potion
  1631 | D:3      | Found Ureuwimn's Antique Armour Emporium.
  1688 | D:3      | 1688 ||| BUYING cloak (103 gold).
  1688 | D:3      | Bought a cloak for 103 gold pieces
  1838 | D:3      | Reached skill level 5 in Dodging
  1887 | D:3      | Reached XP level 4. HP: 10/22 MP: 5/5
  1888 | D:3      | HP: 2/22 [burnt (4)]
  1889 | D:3      | Incinerated by a bombardier beetle

Levels and vault maps discovered:
D:1:      saegor_arrival_simple_d, layout_basic,
          ebering_ecumenical_altar_sacrificial, roderic_serpentine_path
D:2:      layout_loops_ring
D:3:      layout_loops_corners, zin_statuary, serial_shops, shop, uniq_robin

Skill      XL: |  1  2  3 |
---------------+----------+-----
Dodging        | 3 4 5 |  5.0
Fighting       | |  1.5
Ranged Weapons | |  4.9
Stealth        | |  1.5

Action                     |  1- 3 |  4- 6 || total
---------------------------+-------+-------++-------
   Fire: Shortbow          |    81 |       ||    81
    Use: Scroll            |     6 |       ||     6
         Potion            |     2 |       ||     2
 Armour: Robe              |     7 |       ||     7
  Dodge: Dodged            |    14 |       ||    14

Table legend:
 A = Non-vault XP
 B = Vault XP
 C = Vault XP percentage of total XP
 D = Non-vault monster count
 E = Vault monster count
 F = Vault count percentage of total count
                 A         B        C        D         E       F
            +---------+---------+-------+---------+---------+-------
      Total |     131 |       0 |   0.0 |      29 |       0 |   0.0
            +---------+---------+-------+---------+---------+-------
        D:1 |      34 |       0 |   0.0 |      16 |       0 |   0.0
        D:2 |      19 |       0 |   0.0 |       5 |       0 |   0.0
        D:3 |      78 |       0 |   0.0 |       8 |       0 |   0.0
            +---------+---------+-------+---------+---------+-------
